 Dungeon Crawl Stone Soup version 0.13-a0-2531-g2ad9301 (webtiles) character file.

499 Rycklaryybbe the Poker (level 5, -6/39 HPs)
             Began as a Demonspawn Death Knight on July 26, 2013.
             Was a Believer of Yredelemnul.
             Killed by divine providence
             ... invoked by an orc priest
              (9 damage)
             ... on Level 4 of the Dungeon.
             The game lasted 00:12:05 (3914 turns).

Rycklaryybbe the Poker (Demonspawn Death Knight)    Turns: 3914, Time: 00:12:06

HP  -6/39        AC  6     Str 14      XL: 5   Next: 91%
MP   0/9         EV  6     Int 13      God: Yredelemnul [**....]
Gold 245         SH 21     Dex 12      Spells:  0 memorised,  4 levels left

Res.Fire  : . . .   See Invis. : .   a - +1,+2 spear {=f}
Res.Cold  : + . .   Warding    : .   e - +0 robe
Life Prot.: . . .   Conserve   : .   t - +0 large shield
Res.Poison: .       Res.Corr.  : .   (no helmet)
Res.Elec. : .       Clarity    : .   q - +0 cloak
Sust.Abil.: + .     Spirit.Shd : +   (no gloves)
Res.Mut.  : .       Stasis     : .   (no boots)
Res.Rott. : .       Flight     : .   (no amulet)
Saprovore : . . .                    d - ring of protection from cold {unknown}
                                     y - ring of sustain abilities {unknown}

@: injury mirror, slightly resistant to hostile enchantments, unstealthy
A: magic shield, AC +3
a: Animate Remains, Recall Undead Slaves, Injury Mirror, Renounce Religion


You were on level 4 of the Dungeon.
You worshipped Yredelemnul.
Yredelemnul was most pleased with you.
You were not hungry.

You visited 1 branch of the dungeon, and saw 4 of its levels.

You collected 225 gold pieces.

Inventory:

Hand weapons
 a - a +1,+2 spear (weapon) {=f}
 f - a +3,+2 quarterstaff of chaos
 u - a +0 blowgun
Missiles
 l - 7 steel darts (quivered)
 w - 11 poisoned needles
Armour
 b - a +0 leather armour
 e - a +0 robe (worn)
 q - a +0 cloak (worn)
 t - a +0 large shield (worn)
Magical devices
 v - a wand of slowing (0)
Comestibles
 c - 3 bread rations
 j - a meat ration
 z - 2 chunks of hobgoblin flesh
 A - 12 sultanas
Scrolls
 k - a scroll of fog {unknown}
 m - 5 scrolls of remove curse
 p - 2 scrolls of identify {unknown}
 r - a scroll of magic mapping {unknown}
 x - a scroll of enchant armour {unknown}
Jewellery
 d - a ring of protection from cold (right hand) {unknown}
 g - an uncursed ring of protection from magic {unknown}
 h - an uncursed ring of teleportation
 i - an uncursed ring of protection from fire {unknown}
 y - a ring of sustain abilities (left hand) {unknown}
Potions
 n - a potion of slowing {unknown}
 o - a potion of heal wounds {unknown}
 s - a potion of curing {unknown}


   Skills:
 - Level 2.0 Fighting
 + Level 5.7 Polearms
 - Level 0.8 Armour
 - Level 0.8 Dodging
 - Level 3.6 Invocations


You had 4 spell levels left.
You didn't know any spells.

Dungeon Overview and Level Annotations

Branches:
Dungeon (4/27)
 Temple: D:4-7

Altars:
Cheibriados
Elyvilon
Nemelex Xobeh
Trog
Vehumet
Xom
Yredelemnul
Zin


Innate Abilities, Weirdness & Mutations

You are mostly covered in slimy green scales (AC +3).
When hurt, damage is shared between your health and your magic reserves.


Message History

You kill the orc!
Yredelemnul accepts your kill. The orc priest closely misses you.
You barely miss the orc priest.
The orc priest is severely wounded.
Unknown command.
You hit the orc priest.
The orc priest is severely wounded.
The orc priest hits you with an orcish short sword.
* * * LOW HITPOINT WARNING * * *
Yredelemnul mirrors your injury!
The orc priest is almost dead.
Unknown command.
Your shield prevents you from hitting the orc priest.
The orc priest is almost dead.
The ogre shouts!
The orc priest calls down the wrath of Beogh upon you.
Something smites you!
You die...
Your body rises from the dead as a mindless zombie.

###.#####......#O....##.#
...(....................#
.....####......#.....####
.....................#
.....####......#.....#
.....####......#.(...#
...............#.#(###
.##.#####......#)#(#
.##.# #......#@#(# .##.#
#......#o#.# .##.#
#.#.##.#o#o##########
.##.#
#.#........o.o......#
.##..
#.#.........###.o...# .#
. #.#.........# #.....#
.# #.........###.....#
.## .####.#.#...##.....#
... .........?.<.%.o....#


You could see an ogre, an orc priest and an orc.

Vanquished Creatures
  Crazy Yiuf (D:2)
  A worker ant (D:4)
  9 adders
  A giant mite (D:4)
  An adder skeleton (D:4)
  2 giant geckos
  7 orcs
  3 giant cockroaches
  12 hobgoblins
  A quokka (D:2)
  7 bats
  5 giant newts
  16 goblins
  7 jackals
  7 kobolds
  8 rats
88 creatures vanquished.

Vanquished Creatures (collateral kills)
  An adder (D:2)
  An ooze (D:3)
  A goblin (D:3)
  A hobgoblin (D:3)
  A rat (D:2)
5 creatures vanquished.

Vanquished Creatures (others)
  An adder skeleton (D:2)
  A jackal zombie (D:1)
  A kobold zombie (D:2)
3 creatures vanquished.

Grand Total: 96 creatures vanquished

Notes
Turn   | Place    | Note
--------------------------------------------------------------
     0 | D:1      | Rycklaryybbe, the Demonspawn Death Knight, began the quest for the Orb.
     0 | D:1      | Reached XP level 1. HP: 16/16 MP: 2/2
   364 | D:1      | Gained mutation: When hurt, damage is shared between your health and your magic reserves. [demonic ancestry]
   364 | D:1      | Reached XP level 2. HP: 16/22 MP: 4/4
  1026 | D:2      | Gained mutation: You are partially covered in slimy green scales (AC +2). [demonic ancestry]
  1026 | D:2      | Reached XP level 3. HP: 11/27 MP: 1/5
  1473 | D:2      | Acquired Yredelemnul's second power
  1487 | D:2      | Reached XP level 4. HP: 7/34 MP: 1/7
  1746 | D:2      | Reached skill level 4 in Polearms
  1797 | D:2      | Found a glowing silver altar of Zin.
  2267 | D:2      | Noticed Crazy Yiuf
  2277 | D:2      | Killed Crazy Yiuf
  2345 | D:3      | Gained mutation: You are mostly covered in slimy green scales (AC +3). [demonic ancestry]
  2345 | D:3      | Reached XP level 5. HP: 27/39 MP: 9/9
  2350 | D:3      | Found a radiant altar of Vehumet.
  2465 | D:3      | Reached skill level 5 in Polearms
  2882 | D:3      | Found a white marble altar of Elyvilon.
  2890 | D:3      | Found a sparkling altar of Nemelex Xobeh.
  2893 | D:3      | Found a shimmering altar of Xom.
  2893 | D:3      | Found a basalt altar of Yredelemnul.
  2899 | D:3      | Found a bloodstained altar of Trog.
  3248 | D:4      | Noticed an ogre
  3718 | D:4      | Found a snail-covered altar of Cheibriados.
  3914 | D:4      | Killed from afar by an orc priest

Action                   |  1- 3 |  4- 6 || total
-------------------------+-------+-------++-------
Melee: Spear             |   120 |   240 ||   360
Invok: Animate Remains   |     4 |     1 ||     5
       Injury Mirror     |       |     2 ||     2
  Use: Scroll            |       |     4 ||     4
 Stab: Sleeping          |     2 |       ||     2
